 Dungeon Crawl Stone Soup: Circus Animals version v1.5.1.0-162-g770d813 (webtiles) character file.

901 Bloax the Ruffian (level 8, -9/146 HPs) *STANDARD*
             Began as a Moon Troll Transmuter on May 12, 2016.
             Was a Follower of Cheibriados.
             Mangled by MuMo's ghost (15 damage)
             ... on level 11 of the Dungeon.
             The game lasted 00:15:51 (2278 turns).

Bloax the Ruffian (Moon Troll Transmuter)           Turns: 2278, Time: 00:15:51

Health: -9/146     AC:  6    Str: 19    XL:     8   Next: 44%
Magic:  91/106     EV: 17    Int: 19    God:    Cheibriados [*.....]
Gold:   436        SH:  0    Dex: 18    Spells: 4 memorised, 2 levels left

rFire  . . .     SeeInvis .       - Unarmed
rCold  . . .     Gourm    +     b - +0 robe
rNeg   . . .     Faith    .     (shield currently unavailable)
rPois  .         Spirit   .     g - +2 hat
rElec  .         Dismiss  .     (no cloak)
rCorr  .         Reflect  .     (gloves unavailable)
SustAt .         Harm     .     (boots unavailable)
MR     .....                    (no amulet)
Stlth  +++.......               (no ring)
                                c - ring of stealth

@: confused, brilliant, blade hands, focus, drained, very slow, not resistant to
hostile enchantments, fairly stealthy
A: unfitting armour, claws 2, gourmand, regeneration 2, tough skin 2, magic
regeneration 3
a: End Transformation, Bend Time, Renounce Religion


You were on level 11 of the Dungeon.
You worshipped Cheibriados.
Cheibriados was aware of your devotion.
You were not hungry.
You had blades for hands.
You visited 3 branches of the dungeon, and saw 14 of its levels.

You collected 692 gold pieces.
You spent 256 gold pieces at shops.


Innate Abilities, Weirdness & Mutations

You are too large for most types of armour.
You have very sharp fingernails.
You like to eat raw meat.
You heal very quickly.
You have very tough skin (AC +2).
You regenerate magic extremely rapidly.


   Skills:
 - Level 1.2(1.1) Fighting
 + Level 3.9(3.7) Dodging
 - Level 6.3(6.1) Unarmed Combat
 + Level 1.7(1.5) Spellcasting
 * Level 3.6(3.5) Transmutations
 + Level 1.4(1.3) Poison Magic


You had 2 spell levels left.
You knew the following spells:

 Your Spells              Type           Power        Failure   Level  Hunger
a - Beastly Appendage     Trmt           #.........   5%          1    None
b - Sticks to Snakes      Trmt           #.........   11%         2    ##.....
c - Blade Hands           Trmt           #.........   31%         5    ######.
d - Spider Form           Trmt/Pois      #.........   24%         3    ###....


Dungeon Overview and Level Annotations

Branches:
Dungeon (11/15)               Orc (2/4) D:8          Temple (1/1) D:7
   Lair: D:7-11

Altars:
Cheibriados
Dithmenos
Elyvilon
Fedhas
Gozag
Kikubaaqudgha
Makhleb
Nemelex Xobeh
Okawaru
Pakellas
Qazlal
Ru
Sif Muna
Trog
Vehumet
Xom
Yredelemnul
Zin

Shops:
D:6 !   D:10 *

Annotations:
D:11 MuMo's ghost, journeyman DsFi

Inventory:

Missiles
 a - 66 arrows
Armour
 b - a +0 robe (worn)
 g - a +2 hat (worn)
   (You found it on level 8 of the Dungeon)
Jewellery
 c - a ring of stealth (left scythe-like blade)
   (You found it on level 1 of the Dungeon)
Wands
 e - a wand of acid (6/15)
 f - a wand of hasting (2/9)
 h - a wand of enslavement (10/24)
 i - a wand of iceblast (7/15)
Scrolls
 c - 6 scrolls of teleportation
 d - 2 scrolls of random uselessness {unknown}
 g - 2 scrolls of immolation {!r}
 h - a scroll of fear {unknown}
 k - a scroll of remove curse
 l - 2 scrolls of amnesia {unknown}
 p - 2 scrolls of enchant armour {unknown}
 q - a scroll of blinking {unknown}
 r - a scroll of identify
 s - a scroll of enchant weapon {unknown}
Potions
 b - 2 potions of heal wounds
 e - 2 potions of magic
 j - a potion of berserk rage {unknown}
 n - 5 potions of brilliance
 o - a potion of cure mutation {unknown}
Books
 a - a book of Changes

   Spells                             Type                      Level
   a - Beastly Appendage              Transmutation                1
   b - Sticks to Snakes               Transmutation                2
   c - Spider Form                    Transmutation/Poison         3
   d - Ice Form                       Ice/Transmutation            4
   e - Blade Hands                    Transmutation                5
 f - a book of Clouds
   (You found it on level 8 of the Dungeon)

   Spells                             Type                      Level
   a - Mephitic Cloud                 Conjuration/Poison/Air       3
   b - Conjure Flame                  Conjuration/Fire             3
   c - Poisonous Cloud                Conjuration/Poison/Air       6
   d - Freezing Cloud                 Conjuration/Ice/Air          6
   e - Ring of Flames                 Charms/Fire                  7
 i - a Fen Folio
   (You found it on level 5 of the Dungeon)

   Spells                             Type                      Level
   a - Corpse Rot                     Necromancy                   2
   b - Stone Arrow                    Conjuration/Earth            3
   c - Leda's Liquefaction            Hexes/Earth                  4
   d - Summon Forest                  Summoning/Translocation      5
   e - Hydra Form                     Transmutation                6
   f - Summon Hydra                   Summoning                    7

## #........#
+.###........#
#.<##........#
##.##...%....#
#..'........#
####........#
#........#
####'#####
#.W@.# ####W#
..# .$# ..#
..# ..# ..#


You could see a phantom and MuMo's ghost.


Message History

You barely miss the phantom.
Unknown command.
Unknown command.
You hit the phantom (2). The phantom barely misses you.
Unknown command.
Unknown command.
You hit the phantom (1).
The phantom blinks!
MuMo's ghost gestures at you while chanting.
The spray of energy misses you.
The phantom blinks!
Casting: Blade Hands
Okay, then.
You miss MuMo's ghost.
MuMo's ghost gestures at you while chanting.
The spray of energy hits you! (26) Damage (26) was greater than 30% of your hp (75)!!!
You are confused.
You bump into the rock wall.
MuMo's ghost hits you (9)!
Unknown command.
Unknown command.
Unknown command.
You bump into the rock wall.
MuMo's ghost barely misses you.
The phantom blinks!
Unknown command.
Unknown command.
Unknown command.
Drink which item? (? for menu, Esc to quit)
You feel better.
MuMo's ghost gestures at you while chanting.
The spray of energy hits you! (10)
You are confused.
You slice MuMo's ghost (21)!!
Your form is beginning to unravel.
MuMo's ghost gestures at you while chanting.
The spray of energy hits you! (12)
* * * LOW HITPOINT WARNING * * *
You are more confused.
Unknown command.
Drink which item? (? for menu, Esc to quit)
You feel better. MuMo's ghost hits you (21)!!
Damage (21) was greater than 30% of your hp (41)!!!
* * * LOW HITPOINT WARNING * * *
x2 Unknown command.
Unknown command.
Unknown command.
You hit MuMo's ghost (5). MuMo's ghost hits you (10)!
* * * LOW HITPOINT WARNING * * *
* * * LOW HITPOINT WARNING * * *
Unknown command.
Unknown command.
You barely miss MuMo's ghost. MuMo's ghost hits you (12)!
* * * LOW HITPOINT WARNING * * *
* * * LOW HITPOINT WARNING * * *
Unknown command.
Unknown command.
You hit MuMo's ghost but do no damage. MuMo's ghost barely misses you.
Unknown command.
You slice MuMo's ghost (23)!! You slice MuMo's ghost (27)!!
MuMo's ghost hits you (4).
* * * LOW HITPOINT WARNING * * *
* * * LOW HITPOINT WARNING * * *
You hit MuMo's ghost but do no damage. MuMo's ghost closely misses you.
Unknown command.
You miss MuMo's ghost.
MuMo's ghost points at you and mumbles some strange words.
The spray of energy hits you! (8)
* * * LOW HITPOINT WARNING * * *
You are confused.
Unknown command.
You hit MuMo's ghost (2). MuMo's ghost hits you (15)!
You die...

Action                   |  1- 3 |  4- 6 |  7- 9 || total
-------------------------+-------+-------+-------++-------
Melee: Unarmed           |    40 |   100 |   154 ||   294
       Punch             |       |       |     4 ||     4
       Headbutt          |       |       |     8 ||     8
 Cast: Blade Hands       |       |       |     1 ||     1
       Beastly Appendage |       |       |     1 ||     1
  Use: Scroll            |     4 |     3 |     2 ||     9
       Potion            |       |       |     6 ||     6
 Stab: Sleeping          |       |     1 |     3 ||     4
Armor: Robe              |    19 |     6 |    39 ||    64
Dodge: Dodged            |    23 |    38 |    70 ||   131

Vault maps used:
D:1:      lightli_arrival_boilingwater, lexackson_kobold_supper
D:3:      ecumenical_altar_touched_by_chaotic_gods, minmay_misc_feat_rugged,
          uniq_sigmund
D:4:      kennysheep_mini, first_bread, serial_bayou_pond_d
D:5:      zin_academy, cheibrodos_ashenzari_chains, grunt_dithmenos_smoke,
          uniq_menkaure
D:6:      grunt_temple_overflow_forces_of_nature, serial_shops, shop_coins,
          johnstein_pakellas_death_squad
D:7:      temple_green
D:8:      amethyst_overflow_temple_binary, orc_0_dummy, serial_shops, shop
D:9:      grunt_livestock
D:10:     serial_shops, nicolae_shop_waterfront
D:11:     dpeg_lair_monsters, serial_shops, shop_statue, basic_altar
Orc:1:    serial_shops, shop, nicolae_orc_crystal_geode
Orc:2:    serial_shops, nicolae_shop_statue_plus, lemuel_statue_altar
Temple:   circular_temple_pool_12

Notes
Turn   | Place    | Note
--------------------------------------------------------------
     0 | D:1      | Bloax the Moon Troll Transmuter began the quest for the Orb.
     0 | D:1      | Reached XP level 1. HP: 146/146 MP: 106/106
    73 | D:1      | Reached skill level 2 in Transmutations
   104 | D:1      | Reached XP level 2. HP: 135/146 MP: 106/106
   132 | D:2      | Reached XP level 3. HP: 146/146 MP: 106/106
   235 | D:4      | Found an iron altar of Okawaru.
   270 | D:5      | Entered Level 5 of the Dungeon
   340 | D:5      | Gained mutation: You regenerate magic very rapidly. [Moon Troll growth]
   340 | D:5      | Reached XP level 4. HP: 130/146 MP: 106/106
   398 | D:5      | Reached skill level 4 in Unarmed Combat
   405 | D:5      | Reached XP level 5. HP: 105/146 MP: 106/106
   427 | D:5      | Found a glowing silver altar of Zin.
   441 | D:5      | Found a shadowy altar of Dithmenos.
   549 | D:6      | Found Cuxeuck's Distillery.
   572 | D:6      | Bought a potion of might for 52 gold pieces
   572 | D:6      | Bought a potion of heal wounds for 65 gold pieces
   615 | D:6      | Bought a potion of magic for 104 gold pieces
   618 | D:6      | Reached skill level 5 in Unarmed Combat
   637 | D:6      | Reached XP level 6. HP: 114/146 MP: 106/106
   745 | D:6      | Found a blossoming altar of Fedhas.
   746 | D:6      | Found a stormy altar of Qazlal.
   870 | D:7      | Reached skill level 6 in Unarmed Combat
   890 | D:7      | Found a staircase to the Ecumenical Temple.
   896 | Temple   | Entered the Ecumenical Temple
   931 | Temple   | Became a worshipper of Cheibriados the Contemplative
  1010 | D:8      | Reached XP level 7. HP: 128/146 MP: 106/106
  1070 | D:8      | Found a white marble altar of Elyvilon.
  1287 | D:8      | Found a staircase to the Orcish Mines.
  1308 | Orc:1    | Entered Level 1 of the Orcish Mines
  1346 | Orc:1    | HP: 32/146 [something/magic dart (8)]
  1351 | Orc:1    | HP: 34/217 [poisoned by an orc wizard]
  1352 | Orc:1    | Reached skill level 3 in Dodging
  1356 | Orc:1    | HP: 32/217 [poisoned by an orc wizard]
  1362 | Orc:1    | HP: 35/217 [poisoned by an orc wizard]
  1367 | Orc:1    | HP: 40/217 [poisoned by an orc wizard]
  1373 | Orc:1    | HP: 48/217 [poisoned by an orc wizard]
  1415 | Orc:2    | Reached * piety under Cheibriados
  1457 | Orc:2    | HP: 35/146 [orc priest/divine providence (8)]
  1557 | D:9      | Learned a level 2 spell: Sticks to Snakes
  1563 | D:9      | Learned a level 5 spell: Blade Hands
  1594 | D:9      | Learned a level 3 spell: Spider Form
  1677 | D:9      | Reached skill level 3 in Transmutations
  1885 | D:10     | Entered Level 10 of the Dungeon
  2057 | D:10     | Noticed a hill giant
  2068 | D:10     | Killed a hill giant
  2068 | D:10     | Reached skill level 1 in Poison Magic
  2068 | D:10     | Gained mutation: You regenerate magic extremely rapidly. [Moon Troll growth]
  2068 | D:10     | Reached XP level 8. HP: 48/146 MP: 106/106
  2089 | D:10     | Found Ipyigix's General Store.
  2105 | D:10     | Bought a scroll of immolation for 35 gold pieces
  2255 | D:11     | Noticed MuMo's ghost (journeyman DsFi)
  2271 | D:11     | HP: 30/146 [MuMo's ghost (10)]
  2275 | D:11     | HP: 13/146 [MuMo's ghost (4)]
  2277 | D:11     | HP: 5/146 [MuMo's ghost/spray of energy (8)]
  2278 | D:11     | Mangled by MuMo's ghost

Vanquished Creatures
  A hill giant (D:10)
  A hippogriff (D:9)
  A water moccasin (D:7)
  An orc warrior (Orc:1)
  An ice beast (D:10)
  A phantom (D:10)
  4 ogres
  3 giant frogs
  A scorpion (D:9)
  4 wights (D:6)
  A howler monkey (D:8)
  A crimson imp (D:11)
  2 hounds
  A jelly (D:9)
  2 orc priests (Orc:2)
  A giant frog skeleton (D:4)
  A gnoll shaman (D:5)
  5 orc wizards
  An iguana (D:6)
  2 worker ants
  A worker ant zombie (D:5)
  8 gnolls
  2 oozes
  A worm (D:2)
  A giant gecko (D:5)
  23 orcs
  A bat (D:1)
  2 goblins
  A hobgoblin (D:1)
  2 kobolds
  A quokka (D:5)
  A giant newt (D:1)
79 creatures vanquished.

Vault maps used:
D:1:      lightli_arrival_boilingwater, lexackson_kobold_supper
D:3:      ecumenical_altar_touched_by_chaotic_gods, minmay_misc_feat_rugged,
          uniq_sigmund
D:4:      kennysheep_mini, first_bread, serial_bayou_pond_d
D:5:      zin_academy, cheibrodos_ashenzari_chains, grunt_dithmenos_smoke,
          uniq_menkaure
D:6:      grunt_temple_overflow_forces_of_nature, serial_shops, shop_coins,
          johnstein_pakellas_death_squad
D:7:      temple_green
D:8:      amethyst_overflow_temple_binary, orc_0_dummy, serial_shops, shop
D:9:      grunt_livestock
D:10:     serial_shops, nicolae_shop_waterfront
D:11:     dpeg_lair_monsters, serial_shops, shop_statue, basic_altar
Orc:1:    serial_shops, shop, nicolae_orc_crystal_geode
Orc:2:    serial_shops, nicolae_shop_statue_plus, lemuel_statue_altar
Temple:   circular_temple_pool_12
